 Dungeon Crawl Stone Soup version 0.29.0-4-gdea44cf6ec (webtiles) character file.

Game seed: 5805139425745321601

61 qw the Chopper (level 3, 0/31 HPs)
             Began as a Minotaur Berserker on Sept 9, 2022.
             Was a Believer of Trog.
             Killed from afar by Ijyb (6 damage)
             ... with an iceblast
             ... on level 3 of the Dungeon.
             The game lasted 00:00:29 (2225 turns).

qw the Chopper (Minotaur Berserker)                 Turns: 2225, Time: 00:00:30

Health: 0/31       AC:  8    Str: 23    XL:     3   Next: 83%
Magic:  2/2        EV:  8    Int:  4    God:    Trog [**....]
Gold:   97         SH:  0    Dex:  9    Spells: 2/2 levels left

rFire   . . .      SeeInvis .   Y - +2 hand axe
rCold   . . .      Faith    .   (no shield)
rNeg    . . .      Spirit   .   q - +0 chain mail
rPois   .          Reflect  .   (helmet restricted)
rElec   .          Harm     .   (no cloak)
rCorr   .          Rampage  .   (no gloves)
Will    .....                   (no boots)
Stlth   ..........              (no amulet)
HPRegen 0.10/turn               (no ring)
MPRegen 0.08/turn               (no ring)

@: about to teleport
A: horns 2, retaliatory headbutt
a: Renounce Religion, Berserk, Trog's Hand


You were on level 3 of the Dungeon.
You worshipped Trog.
Trog was pleased with you.
You visited 1 branch of the dungeon, and saw 3 of its levels.

You collected 97 gold pieces.


Innate Abilities, Weirdness & Mutations

You have a pair of horns on your head.
You reflexively headbutt those who attack you in melee.


   Skills:
 - Level 3.6 Fighting
 + Level 5.5 Axes
 - Level 1.1 Throwing
 - Level 2.4 Armour
 - Level 2.1 Dodging


You had 2 spell levels left.
You didn't know any spells.
Your spell library was empty.

Inventory:

Hand Weapons
 a - a +0 flail
 Y - a +2 hand axe (weapon)
Missiles
 n - 3 silver javelins (quivered)
Armour
 q - a +0 chain mail (worn)
Scrolls
 b - 2 scrolls of identify {unknown}
 k - a scroll of teleportation
Potions
 c - a potion of degeneration {unknown}
 d - a potion of curing {unknown}
 f - a potion of heal wounds
 g - a potion of resistance {unknown}
 l - a potion of might {unknown}
 m - a potion of haste {unknown}

Dungeon Overview and Level Annotations

Branches:
Dungeon (3/15)

Altars:
Elyvilon

Annotations:
D:3 Ijyb


Message History

You miss the adder. The adder bites you but does no damage.
You hit the adder but do no damage. The adder bites you but does no damage.
The adder barely misses you.
You completely miss the adder. The adder closely misses you.
You closely miss the adder. The adder bites you.
You are poisoned.
The adder poisons you!
You completely miss the adder.
You feel sick. The adder bites you but does no damage. The adder bites you.
You closely miss the adder. Your punch misses the adder.
You feel sick. The adder bites you but does no damage.
You miss the adder.
You feel sick. The adder closely misses you.
You closely miss the adder. Your headbutt misses the adder.
You feel sick. The adder misses you. The adder bites you but does no damage.
You slash the adder!
You kill the adder!
Trog accepts your kill.
You feel sick.
You start resting.
You feel sick.
You are no longer poisoned.
HP restored.
You see here an adder corpse.
Ijyb the Twisted Goblin comes into view.
She is wielding a +0 dagger, wearing a +4 scale mail of fire resistance and carrying a wand of iceblast (5).
Found a club.
Ijyb zaps a wand.
The mass of ice explodes!
The iceblast engulfs you.
You hear a shout! x4
A gnoll comes into view. It is wielding a +0 whip.
A gnoll comes into view. It is wielding a +0 spear.
Ijyb zaps a wand.
The mass of ice explodes!
The iceblast engulfs you!!
Ouch! That really hurt!
2225 ||| READING 2 scrolls of teleportation.
As you read the scroll of teleportation, it crumbles to dust.
You feel strangely unstable.
Ijyb zaps a wand.
The mass of ice explodes!
The iceblast engulfs you.
You die...

.... ..g.g.. . #....... ..
#....... ..# #....[.#+#
.... .).....#(# .....
........#..g...
#...@.......
#............#...... ..
#.................... ....
#%##+#.......#.......
.....#....+.......#.......
.....##...#...............
..........................
...........##...#.........
..........................


You could see Ijyb and 2 gnolls.

Vanquished Creatures
  An adder (D:3)
  3 worms
  5 dart slugs
  An orc (D:3)
  A ball python (D:2)
  An endoplasm (D:2)
  3 giant cockroaches
  3 goblins
  3 hobgoblins
  A quokka (D:2)
  2 bats (D:1)
  A frilled lizard (D:1)
  5 kobolds
  3 rats
33 creatures vanquished.

Notes
Turn   | Place    | Note
-------+----------+-------------------------------------------
     0 | D:1      | qw the Minotaur Berserker began the quest for the Orb.
     0 | D:1      | Reached XP level 1. HP: 19/19 MP: 0/0
     0 | D:1      | 0 ||| qw: Version: 0.1-a-113-g051387a
     0 | D:1      | 0 ||| qw: Game counter: 7298
     0 | D:1      | 0 ||| qw: Always use a shield: true
     0 | D:1      | 0 ||| qw: Do Orc after D:15 true
     0 | D:1      | 0 ||| qw: Do second Lair branch before Depths: true
     0 | D:1      | 0 ||| qw: Lair rune preference: random
     0 | D:1      | 0 ||| qw: Plans: Normal
     0 | D:1      | 0 ||| PLANNING D:1-11
   214 | D:1      | Reached skill level 4 in Axes
   375 | D:1      | Reached XP level 2. HP: 26/26 MP: 1/1
   531 | D:1      | Reached skill level 1 in Throwing
   842 | D:1      | 842 ||| UPGRADING to +0 leather armour.
   852 | D:1      | 852 ||| DROPPING +0 animal skin.
   853 | D:1      | 853 ||| UPGRADING to +0 chain mail.
   863 | D:1      | 863 ||| DROPPING +0 leather armour.
   864 | D:1      | 864 ||| READING scroll labelled MOEPSE VAMAMM.
   865 | D:1      | 865 ||| READING scroll labelled BURELUCZ ZADO.
   866 | D:1      | 866 ||| READING scroll labelled ATAMER JOIT.
   867 | D:1      | 867 ||| READING scroll labelled CANORGHAI VOTUY.
   868 | D:1      | 868 ||| READING 2 scrolls labelled FINITH VOWUSCH.
   873 | D:1      | 873 ||| READING scroll labelled RESYVEZ FUEV.
   874 | D:1      | 874 ||| DRINKING 2 sapphire potions.
   937 | D:2      | 937 ||| Stepping ~*~*~tactically~*~*~ (hiding).
  1180 | D:2      | Reached XP level 3. HP: 31/31 MP: 2/2
  1202 | D:2      | 1202 ||| Stepping ~*~*~tactically~*~*~ (stealth).
  1206 | D:2      | 1206 ||| Stepping ~*~*~tactically~*~*~ (stealth).
  1207 | D:2      | 1207 ||| Stepping ~*~*~tactically~*~*~ (stealth).
  1209 | D:2      | 1209 ||| Stepping ~*~*~tactically~*~*~ (stealth).
  1211 | D:2      | 1211 ||| Stepping ~*~*~tactically~*~*~ (hiding).
  1221 | D:2      | Reached skill level 5 in Axes
  1373 | D:2      | Found a white marble altar of Elyvilon.
  1375 | D:2      | Reached ** piety under Trog
  1479 | D:2      | 1479 ||| INVOKING Berserk.
  1827 | D:2      | 1827 ||| READING scroll labelled XERUCH XALOUTS.
  1828 | D:2      | 1828 ||| READING 2 scrolls labelled QAFECAI WEICA.
  1829 | D:2      | 1829 ||| READING scroll of enchant weapon.
  1829 | D:2      | 1829 ||| ENCHANTING +1 hand axe.
  1830 | D:2      | 1830 ||| READING scroll labelled OZUM YMOQIU.
  1928 | D:3      | 1928 ||| Stepping ~*~*~tactically~*~*~ (stealth).
  1960 | D:3      | 1960 ||| INVOKING Berserk.
  2068 | D:3      | 2068 ||| DROPPING +0 mace.
  2222 | D:3      | Noticed Ijyb
  2224 | D:3      | HP: 6/31 [Ijyb/iceblast (19)]
  2225 | D:3      | 2225 ||| READING 2 scrolls of teleportation.
  2225 | D:3      | Killed from afar by Ijyb

Levels and vault maps discovered:
D:1:      dpeg_arrival_pond, layout_loops_ring
D:2:      layout_loops_ring, basic_altar
D:3:      layout_basic, serial_shops, shop, shop, shop, uniq_ijyb

Skill      XL: |  1  2  3 |
---------------+----------+-----
Axes           | 4 5 |  5.5
Throwing       | 1 |  1.1
Fighting       | |  3.6
Armour         | |  2.4
Dodging        | |  2.1

Action                   || total
-------------------------++-------
Melee: Hand axe          ||    52
       Headbutt          ||     3
Throw: Javelin           ||    25
Invok: Berserk           ||     2
  Use: Scroll            ||    11
       Potion            ||     1
Armor: Animal skin       ||     5
       Chain mail        ||    17
Dodge: Dodged            ||    17

Table legend:
 A = Non-vault XP
 B = Vault XP
 C = Vault XP percentage of total XP
 D = Non-vault monster count
 E = Vault monster count
 F = Vault count percentage of total count
                 A         B        C        D         E       F
            +---------+---------+-------+---------+---------+-------
      Total |      88 |       0 |   0.0 |      33 |       0 |   0.0
            +---------+---------+-------+---------+---------+-------
        D:1 |      19 |       0 |   0.0 |      11 |       0 |   0.0
        D:2 |      41 |       0 |   0.0 |      16 |       0 |   0.0
        D:3 |      28 |       0 |   0.0 |       6 |       0 |   0.0
            +---------+---------+-------+---------+---------+-------
